 Dungeon Crawl Stone Soup version 0.31.0-32-g396128a36d (webtiles) character file.

Game seed: 17583364616314576521

57 raetorn the Scratcher (level 3, 0/20 HPs)
             Began as a Felid Chaos Knight on Mar 13, 2024.
             Was a Plaything of Xom.
             Slain by a gnoll
             ... wielding a +0 whip
              (3 damage)
             ... on level 3 of the Dungeon.
             The game lasted 00:01:46 (1033 turns).

raetorn the Scratcher (Felid Chaos Knight)          Turns: 1033, Time: 00:01:47

Health: 0/20       AC:  1    Str: 10    XL:     3   Next: 73%
Magic:  4/4        EV: 15    Int: 15    God:    Xom [*.....]
Gold:   121        SH:  0    Dex: 15    Spells: 2/2 levels left
                                        Lives:  0   Deaths: 1

rFire   . .          .
                       - Unarmed
rCold   . . .        (shield unavailable)
rNeg    . . .        (body armour unavailable)
rPois   .            (helmet unavailable)
rElec   .            (cloak unavailable)
rCorr   .            (gloves unavailable)
SInv    +            (boots unavailable)
Will    .....        (no amulet)
Stlth   +            (no ring)
HPRegen 0.23/turn    (no ring)
MPRegen 0.09/turn

%: no passive effects
@: constricted
A: very small, claws 1, fangs 3, see invisible, shaggy fur 1, stealthy paws, no
weapons or thrown items, no armour, multi-lived
a: Renounce Religion


You were on level 3 of the Dungeon.
You worshipped Xom.
You were a special plaything of Xom.
You visited 1 branch of the dungeon, and saw 3 of its levels.

You collected 121 gold pieces.

Inventory:

Scrolls
 a - a scroll of butterflies
 b - 2 scrolls of immolation {unknown}
 d - 2 scrolls of identify {unknown}
 e - a scroll of amnesia {unknown}
Potions
 c - a potion of berserk rage {unknown}
 f - a potion of degeneration {unknown}
 g - a potion of magic {unknown}
 h - 2 potions of curing {unknown}
 i - a potion of invisibility {unknown}


   Skills:
 + Level 3.4 Fighting
 + Level 3.9 Dodging
 * Level 4.0 Unarmed Combat


You had 2 spell levels left.
You didn't know any spells.
Your spell library was empty.

Dungeon Overview and Level Annotations

Branches:
Dungeon (3/15)

Altars:


Innate Abilities, Weirdness & Mutations

You have sharp claws.
You have razor-sharp teeth.
You have supernaturally acute eyesight. (SInv)
You are covered in fur. (AC +1)
Your paws help you pounce on unaware monsters.
You are incapable of wielding weapons or throwing items.
You cannot wear armour.
You gain extra lives every three experience levels.


Message History

The gnoll hits you with a +0 whip.
You barely miss the gnoll.
The gnoll is lightly wounded.
Your butterfly disappears in a puff of smoke!
The gnoll misses you.
Unknown command.
Your butterfly disappears in a puff of smoke!
The gnoll barely misses you.
There is a stone staircase leading down here.
The gnoll hits you but does no damage.
You climb downwards.
Xom makes a sudden noise!
You hear a hideous shriek!
The orc shouts!
The ball python hisses angrily.
You hear a shout!
Found 11 gold pieces.
There is a stone staircase leading up here.
You barely miss the gnoll. The gnoll closely misses you.
The hobgoblin misses you.
You claw the gnoll!
The gnoll is heavily wounded.
The gnoll completely misses you.
You completely miss the gnoll. You bite the gnoll.
The gnoll is severely wounded.
The hobgoblin closely misses you. The ball python misses you.
The ball python grabs you. The ball python constricts you.
The gnoll closely misses you.
You scratch the gnoll but do no damage.
The gnoll is severely wounded.
The orc hits you with a +0 club. The hobgoblin misses you.
The ball python barely misses you. The ball python constricts you.
The gnoll misses you.
You scratch the gnoll but do no damage.
The gnoll is severely wounded.
The ball python barely misses you. The ball python constricts you.
The orc hits you with a +0 club.
* * * LOW HITPOINT WARNING * * *
The hobgoblin hits you.
* * * LOW HITPOINT WARNING * * *
The gnoll hits you with a +0 whip.
You die... "It was about time."

#####
##...##
##..⌠$.##
#.......##
#.g...⌠..##
#..@g.....#
#..oS.⌠...#
#.......#.#
##..⌠..#..#
##...## ##
#####


You could see a gnoll, an orc, a hobgoblin and a ball python.

Vanquished Creatures
  An adder (D:2)
  2 dart slugs (D:1)
  2 ribbon worms (D:2)
  8 endoplasms
  A giant cockroach (D:1)
  A goblin (D:1)
  6 hobgoblins
  2 quokkas
  4 ball pythons
  A bat (D:1)
  2 frilled lizards (D:1)
  A kobold (D:1)
  7 rats
38 creatures vanquished.

Notes
Turn   | Place    | Note
-------+----------+-------------------------------------------
     0 | D:1      | raetorn the Felid Chaos Knight began the quest for the Orb.
     0 | D:1      | Reached XP level 1. HP: 12/12 MP: 2/2
    57 | D:1      | XOM: divination: detect items
    60 | D:1      | HP: 11/12 [ball python (1)]
    64 | D:1      | XOM: butterfly on damage
   126 | D:1      | HP: 9/12 [dart slug/slug dart (3)]
   183 | D:1      | HP: 8/12 [frozen (4)]
   197 | D:1      | HP: 10/12 [frozen (1)]
   200 | D:1      | Reached XP level 2. HP: 14/16 MP: 3/3
   206 | D:1      | HP: 14/16 [constriction (1)]
   284 | D:1      | HP: 15/16 [kobold/+0 dagger (1)]
   299 | D:1      | HP: 12/16 [quokka (4)]
   415 | D:1      | HP: 12/16 [frozen (4)]
   436 | D:1      | HP: 15/16 [frozen (1)]
   438 | D:1      | HP: 6/16 [frozen (4)]
   498 | D:1      | HP: 15/16 [rat (1)]
   682 | D:1      | Reached XP level 3. HP: 20/20 MP: 4/4
   953 | D:2      | Reached skill level 4 in Unarmed Combat
   956 | D:2      | HP: 19/20 [rat (1)]
   968 | D:2      | Found a faded altar of an unknown god.
   981 | D:2      | HP: 16/20 [hobgoblin (4)]
   992 | D:2      | XOM: silly message
  1002 | D:2      | HP: 10/20 [gnoll/+0 flail (10)]
  1002 | D:2      | XOM: butterfly on damage
  1003 | D:2      | Slain by a gnoll
  1003 | D:2      | Lost a life (0 lives remaining)
  1017 | D:2      | XOM: 3-stop teleportation journey
  1020 | D:2      | HP: 13/20 [gnoll/+0 whip (7)]
  1028 | D:3      | XOM: noise
  1032 | D:3      | HP: 9/20 [orc/+0 club (4)]
  1033 | D:3      | HP: 3/20 [hobgoblin (3)]
  1033 | D:3      | Slain by a gnoll

Illustrated notes

Levels and vault maps discovered:
D:1:      grunt_arrival_lava_bath, layout_basic, chequers_serial_rivers_micro_e
D:2:      layout_rooms, basic_altar, chequers_ecumenical_altar_island,
          columned_hall_lemuel
D:3:      layout_loops_cross, elyvilon_altar_3, serial_shops,
          nicolae_shop_rolling_square, grunt_ministairs_9, st_stairs_3,
          hangedman_decor_lopped, nicolae_hexahallways

Skill      XL: |  1  2  3 |
---------------+----------+-----
Unarmed Combat | 4 |  4.0
Fighting       | |  3.4
Dodging        | |  3.9

Action                     || total
---------------------------++-------
  Melee: Unarmed           ||   118
         Bite              ||    12
         Punch             ||     3
   Stab: Sleeping          ||     1
 Armour: Skin              ||    25
  Dodge: Dodged            ||    93
